 Dungeon Crawl Stone Soup version 0.17.0-24-gcfadda4 (webtiles) character file.

44 HungrySpirit the Sneak (level 3, 0/16 HPs)
             Began as a Spriggan Necromancer on Nov 16, 2015.
             Slain by Ijyb
             ... wielding a +0 club
              (6 damage)
             ... on level 2 of the Dungeon.
             The game lasted 00:03:51 (1363 turns).

HungrySpirit the Sneak (Spriggan Necromancer)       Turns: 1363, Time: 00:03:52

Health: 0/16       AC:  2    Str:  4    XL:     3   Next: 39%
Magic:  8/8        EV: 19    Int: 16    God:
Gold:   119        SH:  0    Dex: 17    Spells: 1 memorised, 7 levels left

rFire  . . .     SeeInvis +     h - +2 dagger (pain)
rCold  . . .     Clarity  +     a - +0 robe
rNeg   . . .     SustAt   .     (shield restricted)
rPois  .         Gourm    .     (helmet restricted)
rElec  .         Spirit   .     (no cloak)
rCorr  .         Warding  .     (gloves unavailable)
rMut   .         Stasis   .     (boots unavailable)
MR     .....                    i - amulet of clarity
Stlth  +++.......               (no ring)
                                (no ring)

@: very quick, not resistant to hostile enchantments, fairly stealthy
A: unfitting armour, see invisible, herbivore 3, speed 3, slow metabolism 2
a: no special abilities


You were on level 2 of the Dungeon.
You were not hungry.

You visited 1 branch of the dungeon, and saw 2 of its levels.

You collected 119 gold pieces.

Inventory:

Hand Weapons
 h - a +2 dagger of pain (weapon)
Armour
 a - a +0 robe (worn)
Jewellery
 i - an amulet of clarity (around neck)
Scrolls
 g - 2 scrolls of fear {unknown}
 l - a scroll of enchant weapon {unknown}
 n - a scroll of magic mapping {unknown}
Potions
 d - a potion of heal wounds {unknown}
 e - 2 potions of haste {unknown}
 f - a potion of brilliance {unknown}
 k - a potion of beneficial mutation {unknown}
 m - a potion of cancellation {unknown}
Books
 b - a book of Necromancy

   Spells                             Type                      Level
   a - Pain                           Necromancy                   1
   b - Animate Skeleton               Necromancy                   1
   c - Vampiric Draining              Necromancy                   3
   d - Regeneration                   Charms/Necromancy            3
   e - Animate Dead                   Necromancy                   4
   f - Control Undead                 Necromancy                   4
Comestibles
 c - 3 bread rations
 j - a slice of pizza


   Skills:
 * Level 1.3 Short Blades
 + Level 4.0 Dodging
 + Level 4.2 Stealth
 - Level 3.0 Spellcasting
 - Level 3.6 Necromancy


You had 7 spell levels left.
You knew the following spells:

 Your Spells              Type           Power        Failure   Level  Hunger
a - Pain                  Necr           ##..         6%          1    #......


Dungeon Overview and Level Annotations

Branches:
Dungeon (2/15)

Altars:

Annotations:
D:2 Ijyb


Innate Abilities, Weirdness & Mutations

You are tiny and cannot use many weapons and most armour.
You have supernaturally acute eyesight.
You are a herbivore.
You cover ground extremely quickly.
You need consume almost no food.


Message History

Your Dodging skill increases to level 4!
You hit the goblin.
You kill the goblin!
You completely miss Ijyb. Ijyb closely misses you.
You hit Ijyb.
Ijyb writhes in agony.
Ijyb is moderately wounded.
Ijyb completely misses you.
You hit Ijyb.
Ijyb writhes in agony.
Ijyb is moderately wounded.
You miss Ijyb.
Ijyb is moderately wounded.
Ijyb hits you with a club.
You barely miss Ijyb.
Ijyb is moderately wounded.
Ijyb screams, "I cut your head off!" Ijyb completely misses you.
You hit Ijyb but do no damage.
Ijyb is moderately wounded.
Ijyb hits you with a club.
You die...

#....#
######### #
#.##.#
#.##.##.#
#.......#
####.######.#
#........#
###.######
#..# ##@#
##g#
#..#########
#..8.8.8.8?#
#.....)....#
#....))...(#
#..........#
#.........[#
#..%.......#


You could see Ijyb.

Vanquished Creatures
  A worm (D:2)
  A giant gecko (D:1)
  3 bats
  3 giant cockroaches
  12 goblins
  3 hobgoblins (D:1)
  4 kobolds (D:1)
  A quokka (D:2)
  8 jackals (D:1)
  3 rats
39 creatures vanquished.

Notes
Turn   | Place    | Note
--------------------------------------------------------------
     0 | D:1      | HungrySpirit the Spriggan Necromancer began the quest for the Orb.
     0 | D:1      | Reached XP level 1. HP: 9/9 MP: 5/5
   336 | D:1      | Reached XP level 2. HP: 13/13 MP: 4/6
   694 | D:1      | Reached skill level 4 in Stealth
   983 | D:1      | Reached XP level 3. HP: 16/16 MP: 8/8
  1158 | D:2      | Reached skill level 1 in Short Blades
  1328 | D:2      | Noticed Ijyb
  1363 | D:2      | Slain by Ijyb

Action                   || total
-------------------------++-------
Melee: Dagger            ||   102
 Cast: Pain              ||    12
 Stab: Sleeping          ||     5
